 Dungeon Crawl Stone Soup version 0.32-a0-666-ge8a88695a4 (webtiles) character file.

Game seed: 9639229550932142876

44 Sabo the Charlatan (level 3, -2/26 HPs)
             Began as a Coglin Artificer on Mar 10, 2024.
             Slain by an adder (3 damage)
             ... on level 2 of the Dungeon.
             The game lasted 00:04:43 (1301 turns).

Sabo the Charlatan (Coglin Artificer)               Turns: 1301, Time: 00:04:43

Health: -2/26      AC:  3    Str: 14    XL:     3   Next: 62%
Magic:  3/3        EV: 11    Int: 10    God:
Gold:   88         SH:  0    Dex: 14    Spells: 2/2 levels left

rFire   . . .        a - +0 club {Charoen}
rCold   . . .        i - +0 mace {Bangon}
rNeg    . . .        b - +0 leather armour
rPois   .            (no helmet)
rElec   .            (no cloak)
rCorr   .            (no gloves)
SInv    .            (no boots)
Will    .....        (amulet unavailable)
Stlth   +            (ring unavailable)
HPRegen 0.24/turn    (ring unavailable)
MPRegen 0.08/turn    (no gizmo)

%: no passive effects
@: lethally poisoned (-2 -> -8), revved
A: off-hand wielding, slow wielding, warmup strikes, no jewellery
a: Invent Gizmo


You were on level 2 of the Dungeon.
You visited 1 branch of the dungeon, and saw 2 of its levels.

You collected 88 gold pieces.

Inventory:

Hand Weapons
 a - a +0 club (weapon) {Charoen}
 i - a +0 mace (offhand) {Bangon}
Armour
 b - a +0 leather armour (worn)
Wands
 c - a wand of flame (15) (quivered)
 d - a wand of charming (15)
 e - a wand of iceblast (5)
Scrolls
 g - a scroll of enchant weapon {unknown}
 h - a scroll of enchant armour {unknown}
 j - a scroll of identify {unknown}
Potions
 f - a potion of mutation {unknown}


   Skills:
 + Level 1.2 Fighting
 + Level 0.7 Maces & Flails
 + Level 2.3 Armour
 + Level 1.1 Dodging
 + Level 0.9 Stealth
 + Level 5.0 Evocations


You had 2 spell levels left.
You didn't know any spells.
Your spell library was empty.

Dungeon Overview and Level Annotations

Branches:
Dungeon (2/15)

Altars:


Innate Abilities, Weirdness & Mutations

You can wield a second weapon in your off-hand.
It takes a long time for you to wield or remove held weapons.
Your first few attacks do less damage.
You cannot equip rings or amulets.


Message History

You hit the dart slug with your +0 club.
The dart slug is moderately wounded.
You hit the dart slug with your +0 mace.
The adder bites you. The dart slug closely misses you.
You hit the dart slug with your +0 club.
The dart slug is almost dead.
You barely miss the dart slug with your +0 mace.
The adder bites you.
You are poisoned.
The adder poisons you! The bat hits you but does no damage.
The dart slug launches a dart at you. The slug dart misses you.
The adder barely misses you.
You barely miss the adder with your +0 mace.
You barely miss the adder with your +0 club.
You feel sick. The bat barely misses you. The adder bites you.
The bat misses you. The dart slug barely misses you.
You miss the adder with your +0 mace.
You closely miss the adder with your +0 club.
You feel sick.
The rat squeaks loudly.
You hear an angry hiss.
The bat closely misses you. The adder bites you. The goblin closely misses you.
The adder bites you but does no damage. The goblin barely misses you.
You hit the adder with your +0 mace.
The adder is lightly wounded.
You closely miss the adder with your +0 club.
You feel sick. The bat hits you. The adder bites you.
You are more poisoned.
The adder poisons you! The dart slug launches a dart at you.
The slug dart hits you. The goblin barely misses you. The adder bites you.
* * * LOW HITPOINT WARNING * * *
You hit the adder with your +0 mace.
The adder is severely wounded.
You miss the adder with your +0 club.
* * * LOW HITPOINT WARNING * * *
You feel sick. The bat closely misses you. The goblin hits you with a +0 club.
* * * LOW HITPOINT WARNING * * *
The dart slug launches a dart at you. The slug dart misses you.
The slug dart hits the goblin.
The adder bites you.
You die...

#. ...# #. #..## ####
.. .... .... # #. #>)#
#).# #.#. #..# #.J#
#.#.##..# #..#
#...)†..# #..# #
#...).<.####?S####...#
#............g@w.....#
#................r...#
#......#####..###b..##
#.#.##.# #..# ....
#.#. #.# #..# .## #.#.
#.# #..# # .. ... ..$#
#. ..? .##.# ## #.##


You could see an adder, a dart slug, an endoplasm, a goblin, a bat and a rat.

Vanquished Creatures
  A dart slug (D:1)
  2 ball pythons (D:1)
  9 endoplasms
  4 giant cockroaches
  4 goblins
  2 hobgoblins (D:1)
  3 jackals (D:1)
  A quokka (D:1)
  4 bats (D:1)
  A frilled lizard (D:1)
  2 kobolds
  2 rats (D:1)
35 creatures vanquished.

Notes
Turn   | Place    | Note
-------+----------+-------------------------------------------
     0 | D:1      | Sabo the Coglin Artificer began the quest for the Orb.
     0 | D:1      | Reached XP level 1. HP: 15/15 MP: 1/1
   323 | D:1      | Reached XP level 2. HP: 3/21 MP: 2/2
   667 | D:1      | Reached skill level 1 in Dodging
   779 | D:1      | Reached XP level 3. HP: 26/26 MP: 3/3
   796 | D:1      | Reached skill level 5 in Evocations
  1301 | D:2      | HP: 1/26 [goblin/+0 club (3)]
  1301 | D:2      | Slain by an adder

Illustrated notes

Levels and vault maps discovered:
D:1:      amcnicky_arrival_flooded_fountain, layout_basic, minmay_pentomino_u4
D:2:      layout_loops_ring

Skill      XL: |  1  2  3 |
---------------+----------+-----
Armour         | 2 |  2.3
Dodging        | 1 |  1.1
Evocations     | 5 |  5.0
Fighting       | |  1.2
Maces & Flails | |  0.7
Stealth        | |  0.9

Action                     || total
---------------------------++-------
  Melee: Club              ||    78
         Dagger            ||    23
         Mace              ||    54
   Stab: Sleeping          ||     2
 Armour: Leather armour    ||    91
  Dodge: Dodged            ||    66

Table legend: (Time is in decaauts)
 A = Elapsed time spent in this place.
 B = Non-inter-level travel time spent in this place.
 C = Inter-level travel time spent in this place.
 D = Time resting spent in this place.
 E = Time spent auto-exploring this place.
 F = Levels seen in this place.
 G = Mean time per level.
                   A        B        C        D        E       F      G
               +--------+--------+--------+--------+--------+-----+--------+
         Total |   1324 |   1324 |      0 |    380 |      0 |   2 |  662.0 |
       Dungeon |   1324 |   1324 |      0 |    380 |      0 |   2 |  662.0 |
               +--------+--------+--------+--------+--------+-----+--------+

Top non-repeatable levels by time:
     D:1: 1265 daAuts
     D:2: 59 daAuts
